Map: Moonlight Madness LE (Void)

Players

Kelazhur

  • Race: Terran Terran
  • League: Gold

Arthur - Winner!

  • Race: Protoss Protoss
  • League: Diamond

Event: ASL Season 5 Prime League LOTV Beta

VOD

Have the link to the VOD?

Description

Time

  • Played on: Sept. 7, 2015, 9:21 p.m.
  • Length: 9:04

All games in this series

Show
View Real Time Build Order
Export as new Build Order

Kelazhur Terran 

Build Orders: Reaper Expand, MMM Bio 

Get SALT Encoding   

  12  0:01  SCV  
  13  0:13  SCV  
  14  0:17  Supply Depot  
  14  0:25  SCV  
  15  0:39  SCV  
  15  0:42  Barracks  
  16  0:46  Refinery  
  16  0:51  SCV  
  17  1:03  SCV  
  18  1:15  SCV  
  19  1:31  Orbital Command  
  19  1:32  Reaper  
  20  1:53  Command Center  
  20  1:58  SCV, Supply Depot  
  21  2:06  Barracks Reactor  
  21  2:10  SCV  
  22  2:17  Refinery  
  22  2:22  SCV  
  23  2:25  Factory  
  23  2:36  SCV  
  24  2:46  Bunker  
  24  2:48  Marine x2  
  26  2:52  Supply Depot  
  26  2:53  SCV  
  27  3:06  Marine x2  
  27  3:10  Orbital Command  
  29  3:16  Starport  
  29  3:20  SCV  
  30  3:31  Widow Mine x2  
  30  3:32  SCV  
  35  3:34  Barracks Tech Lab  
  35  3:36  SCV  
  36  3:44  SCV  
  38  3:48  SCV  
  38  3:53  Medivac  
  38  3:54  Marine  
  38  3:55  Stimpack  
  41  3:56  SCV  
  41  3:59  Engineering Bay, Widow Mine x2  
  46  4:03  SCV  
  46  4:08  SCV  
  48  4:12  Supply Depot, Marine  
  48  4:15  SCV  
  50  4:20  SCV  
  51  4:26  Missile Turret  
  51  4:27  SCV  
  51  4:28  Missile Turret, Widow Mine  
  54  4:33  SCV, Widow Mine  
  54  4:36  Supply Depot  
  54  4:37  Supply Depot  
  56  4:41  SCV  
  57  4:45  SCV  
  57  4:50  Marauder  
  60  4:53  SCV  
  60  4:54  Barracks  
  60  4:56  Barracks  
  60  4:57  Widow Mine  
  63  5:01  Widow Mine  
  63  5:03  SCV  
  66  5:10  SCV  
  63  5:16  SCV  
  64  5:21  Marauder  
  64  5:22  SCV  
  64  5:25  Widow Mine  
  64  5:26  Terran Infantry Weapons Level 1  
  64  5:28  SCV, Refinery  
  68  5:29  Refinery  
  68  5:30  Widow Mine  
  68  5:34  SCV  
  69  5:40  SCV  
  69  5:45  Medivac  
  69  5:46  SCV  
  72  5:50  Marauder  
  72  5:52  Command Center, SCV  
  72  5:55  Missile Turret  
  72  5:58  SCV  
  72  5:59  Barracks Reactor  
  72  6:00  Combat Shields, Barracks Reactor  
  72  6:04  SCV  
  72  6:10  SCV  
  74  6:16  SCV  
  74  6:18  Marauder  
  77  6:23  SCV  
  78  6:28  SCV  
  79  6:35  SCV  
  79  6:37  Barracks x2  
  79  6:38  Factory Reactor, Barracks  
  79  6:39  Marine x4  
  84  6:40  SCV  
  84  6:41  Marauder  
  84  6:43  Armory  
  84  6:44  Engineering Bay  
  87  6:47  SCV  
  87  6:52  SCV  
  89  6:57  Marine x2  
  87  7:02  Marauder  
  87  7:05  Medivac x2  
  87  7:07  Marine x2  
  95  7:10  Orbital Command  
  95  7:11  SCV  
  95  7:14  SCV  
  93  7:20  Marine  
  93  7:21  Marine  
  95  7:23  SCV, Marauder  
  95  7:24  Marine, Widow Mine x2  
  95  7:25  Concussive Shells, Marine  
  104  7:30  Barracks Reactor x2, Barracks Tech Lab  
  104  7:31  SCV  
  104  7:35  SCV  
  106  7:38  SCV  
  106  7:43  SCV  
  108  7:47  Marine  
  109  7:56  Marine  
  109  8:04  Supply Depot  
  109  8:09  Supply Depot  
  107  8:18  Marine x2  
  85  8:20  Marauder  
  85  8:22  Marauder  
  85  8:26  Marine  
  85  8:27  Marine x5  
  82  8:31  Widow Mine x2  
  90  8:40  Supply Depot  
  90  8:43  Supply Depot  
Show
View Real Time Build Order
Export as new Build Order

Arthur Protoss - Winner!

Build Orders: Oracle Opening 

Get SALT Encoding   

  12  0:00  Probe (Chrono Boost)  
  13  0:13  Pylon  
  13  0:17  Probe (Chrono Boost)  
  14  0:27  Probe (Chrono Boost)  
  15  0:37  Probe (Chrono Boost)  
  15  0:42  Gateway  
  16  0:47  Probe (Chrono Boost)  
  17  0:57  Probe (Chrono Boost), Assimilator  
  18  1:05  Pylon  
  18  1:08  Probe (Chrono Boost)  
  19  1:18  Probe (Chrono Boost)  
  20  1:28  Probe (Chrono Boost)  
  20  1:30  Cybernetics Core  
  21  1:34  Assimilator  
  21  1:38  Probe (Chrono Boost)  
  22  1:48  Probe (Chrono Boost)  
  23  1:58  Probe (Chrono Boost)  
  24  2:03  Pylon  
  24  2:06  Adept  
  26  2:08  Mothership Core (Chrono Boost)  
  26  2:13  Warp Gate  
  28  2:24  Nexus  
  28  2:27  Probe (Chrono Boost)  
  29  2:37  Probe (Chrono Boost)  
  29  2:38  Adept  
  32  2:47  Probe (Chrono Boost)  
  33  2:51  Pylon  
  33  2:59  Stargate  
  33  3:04  Probe (Chrono Boost)  
  33  3:14  Probe (Chrono Boost)  
  34  3:23  Sentry  
  34  3:24  Probe (Chrono Boost)  
  37  3:34  Probe (Chrono Boost)  
  37  3:38  Probe (Chrono Boost)  
  39  3:42  Oracle  
  39  3:44  Probe (Chrono Boost)  
  39  3:48  Probe (Chrono Boost)  
  44  3:54  Probe (Chrono Boost)  
  45  3:58  Probe (Chrono Boost)  
  45  4:00  Gateway  
  45  4:01  Pylon  
  46  4:03  Gateway  
  46  4:04  Probe (Chrono Boost)  
  46  4:08  Probe (Chrono Boost), Pylon  
  48  4:15  Probe (Chrono Boost)  
  49  4:19  Probe (Chrono Boost)  
  49  4:22  Pylon  
  50  4:25  Probe (Chrono Boost), Oracle  
  50  4:28  Assimilator  
  50  4:30  Probe (Chrono Boost)  
  55  4:32  Assimilator  
  55  4:40  Adept  
  55  4:41  Probe (Chrono Boost)  
  55  4:42  Probe (Chrono Boost)  
  59  4:47  Robotics Facility  
  59  4:49  Pylon  
  59  4:51  Probe (Chrono Boost)  
  60  4:53  Probe (Chrono Boost)  
  52  5:11  Probe (Chrono Boost)  
  53  5:15  Probe (Chrono Boost)  
  54  5:21  Probe (Chrono Boost)  
  54  5:25  Probe (Chrono Boost)  
  54  5:27  Adept x3  
  62  5:29  Void Ray  
  62  5:31  Probe (Chrono Boost)  
  64  5:36  Probe (Chrono Boost)  
  64  5:39  Immortal (Chrono Boost)  
  67  5:44  Probe (Chrono Boost)  
  68  5:50  Sentry x2  
  68  5:51  Adept  
  74  6:05  Void Ray  
  74  6:15  Immortal (Chrono Boost)  
  74  6:17  Probe x2  
  84  6:19  Pylon  
  84  6:20  Pylon  
  84  6:35  Adept  
  86  6:40  Gateway  
  86  6:43  Gateway  
  86  6:47  Gateway  
  86  6:51  Adept x2  
  90  6:56  Pylon  
  82  7:10  Adept  
  82  7:11  Adept  
  82  7:12  Adept  
  82  7:15  Pylon  
  88  7:34  Adept x3  
  94  7:41  Pylon  
  94  7:42  Adept  
  94  7:43  Adept x2  
  92  8:05  Adept x5  
  102  8:18  Oracle  
  93  8:27  Sentry x2, Adept x2  
  90  8:32  Sentry  
  90  8:33  Sentry  
  90  8:56  Adept  
  90  8:57  Adept  
  90  8:59  Adept x2  
  96  9:00  Sentry  
Tags
 
Add a new tag
Caveats
  • Supply blocks, unpowered buildings, or Contaminate may cause inaccurate times.
  • Supply counts are checked every 10 seconds.